[Event "Titled Tuesday Blitz March 21 Early 2023"]
[White "Kubatko, Ivan"]
[Black "Filgueira, Hernan"]
[WhiteFideId "24111473"]
[BlackFideId "101770"]
[WhiteElo "2285"]
[BlackElo "2363"]
[Result "1-0"]
[Round "10"]
[TimeControl "180+2"]
[Date "2023.03.21"]
[WhiteClock "0:00:03"]
[BlackClock "0:01:08"]

1. e4 g6 2. d4 Bg7 3. Nc3 d6 4. f4 c6 5. a4 a5 6. Bc4 d5 7. exd5 cxd5 8. Nxd5 e6 9. Bb5+ Nc6 10. Ne3 Qxd4 11. Qxd4 Bxd4 12. Nf3 Bg7 13. Nc4 Nh6 14. Nb6 Rb8 15. f5 Nxf5 16. Bf4 e5 17. Nxe5 O-O 18. Nxc6 bxc6 19. Bxb8 cxb5 20. O-O-O Be6 21. Bf4 bxa4 22. Nxa4 Rc8 23. Kb1 Nd4 24. Nc3 Bf5 25. Rd2 h5 26. Rhd1 Ne6 27. Be3 Kh7 28. h3 Bxc3 29. bxc3 Rxc3 30. Bf2 g5 31. Kb2 Rc4 32. Rc1 Rb4+ 33. Ka3 Kg6 34. c4 Rb7 35. c5 Rc7 36. c6 Be4 37. Rd6 Kf5 38. Bb6 Rc8 39. c7 Bb7 40. Rd8 a4 41. Rxc8 Bxc8 42. Kxa4 Nf4 43. Rc2 Nd5 44. Ka5 Ke6 45. Rd2 f5 46. Kb5 Bd7+ 47. Kc5 Ne7 48. Rd6+ 1-0


[Site "https://www.chess.com"]

[Event "Titled Tuesday Blitz March 21 Early 2023"]
[White "Bas Mas, Jose Joaquin"]
[Black "Blomqvist, Erik"]
[WhiteFideId "22219064"]
[BlackFideId "1709437"]
[WhiteElo "2233"]
[BlackElo "2436"]
[Result "0-1"]
[Round "10"]
[TimeControl "180+2"]
[Date "2023.03.21"]
[WhiteClock "0:01:22"]
[BlackClock "0:01:41"]

1. e4 c5 2. Nc3 e6 3. g3 d5 4. exd5 exd5 5. d4 cxd4 6. Qxd4 Nf6 7. Bg5 Nc6 8. Qe3+ Be6 9. O-O-O d4 10. Qe1 Qa5 11. Bxf6 gxf6 12. Ne4 Bb4 13. c3 dxc3 14. Nxf6+ Ke7 0-1


[Site "https://www.chess.com"]

[Event "Titled Tuesday Blitz March 21 Early 2023"]
[White "Safin, Robert"]
[Black "Chernov, Mikhail"]
[WhiteFideId "34189120"]
[BlackFideId "24143170"]
[WhiteElo "2245"]
[BlackElo "2113"]
[Result "0-1"]
[Round "10"]
[TimeControl "180+2"]
[Date "2023.03.21"]
[WhiteClock "0:00:16"]
[BlackClock "0:00:06"]

1. e4 e6 2. d4 d5 3. Nd2 Be7 4. Ngf3 Nf6 5. Bd3 c5 6. exd5 exd5 7. dxc5 O-O 8. O-O Nc6 9. Nb3 Bg4 10. Re1 a5 11. a4 Ne4 12. h3 Bh5 13. Be3 f5 14. c3 Ne5 15. Be2 Nc4 16. Qc2 Nxe3 17. fxe3 Qc7 18. Nfd4 Bxe2 19. Qxe2 Rf6 20. c4 dxc4 21. Qxc4+ Kh8 22. Nxf5 Rxf5 23. Qxe4 Re5 24. Qc4 Re8 25. Rac1 Bf6 26. e4 Rg5 27. Nd2 Qg3 28. Qe2 Qxh3 29. Nf3 Rg4 30. e5 Bxe5 31. Nxe5 Rxe5 32. Qxe5 Qxg2# 0-1


[Site "https://www.chess.com"]

[Event "Titled Tuesday Blitz March 21 Early 2023"]
[White "Begunov, Konstantin"]
[Black "Derjabin, Ilja"]
[WhiteFideId "4118510"]
[BlackFideId "14104768"]
[WhiteElo "2079"]
[BlackElo "2309"]
[Result "0-1"]
[Round "10"]
[TimeControl "180+2"]
[Date "2023.03.21"]
[WhiteClock "0:00:21"]
[BlackClock "0:00:08"]

1. d4 Nf6 2. c4 c5 3. Nf3 cxd4 4. Nxd4 e5 5. Nb5 d5 6. cxd5 Bc5 7. d6 Na6 8. N1c3 O-O 9. a3 Bxf2+ 10. Kxf2 Ng4+ 11. Ke1 Qb6 12. e3 Be6 13. Qf3 Rad8 14. h3 Nf6 15. e4 Qa5 16. Be3 Nb4 17. Rc1 Nc6 18. b4 Nxb4 19. axb4 Qxb4 20. Bxa7 Rc8 21. Be2 Rfd8 22. Kf2 b6 23. Qe3 Bc4 24. Bxc4 Rxc4 25. Bxb6 Rxd6 26. Rb1 Nxe4+ 27. Nxe4 Rc2+ 28. Kf3 Rf6+ 29. Kg3 Rg6+ 30. Kh2 Rgxg2# 0-1


[Site "https://www.chess.com"]

[Event "Titled Tuesday Blitz March 21 Early 2023"]
[White "Shuvalov, Evgenij"]
[Black "Jakubowska, Anna"]
[WhiteFideId "4187237"]
[BlackFideId "1121952"]
[WhiteElo "2080"]
[BlackElo "2001"]
[Result "1/2-1/2"]
[Round "10"]
[TimeControl "180+2"]
[Date "2023.03.21"]
[WhiteClock "0:00:51"]
[BlackClock "0:00:42"]

1. d4 f5 2. c4 Nf6 3. Nc3 e6 4. g3 Bb4 5. Bg2 O-O 6. Nf3 d6 7. O-O Bxc3 8. bxc3 Nbd7 9. Nd2 e5 10. e3 Qe7 11. a4 Rb8 12. Ba3 b6 13. c5 bxc5 14. dxc5 Nxc5 15. Bxc5 dxc5 16. Nc4 Ba6 17. Na5 Bxf1 18. Qxf1 Qe6 19. Qc4 Qxc4 20. Nxc4 e4 21. Na5 Rb2 22. h3 Rd8 23. Bf1 g6 24. Bb5 Rdd2 25. Nc4 Rxf2 26. Nxb2 Rxb2 27. Rd1 Nh5 28. Rd8+ Kg7 29. Rd7+ Kh6 30. g4 fxg4 31. hxg4 Nf6 32. Rxc7 Nxg4 33. Rxc5 Nxe3 34. Re5 Nd1 35. Rxe4 Nxc3 36. Rh4+ Kg5 37. Rxh7 Nxb5 38. axb5 Rxb5 39. Rxa7 Rb3 40. Ra4 Kh5 41. Kg2 g5 42. Rc4 g4 43. Rc8 Kh4 44. Rh8+ Kg5 45. Rg8+ Kf4 46. Rf8+ Kg5 47. Rg8+ Kh4 48. Rh8+ Kg5 49. Rg8+ 1/2-1/2


[Site "https://www.chess.com"]

[Event "Titled Tuesday Blitz March 21 Early 2023"]
[White "Gubajdullin, Alexei"]
[Black "Fernandez Garcia, Gumersindo"]
[WhiteFideId "4141202"]
[BlackFideId "24516740"]
[WhiteElo "2267"]
[BlackElo "2093"]
[Result "0-1"]
[Round "10"]
[TimeControl "180+2"]
[Date "2023.03.21"]
[WhiteClock "0:00:42"]
[BlackClock "0:01:05"]

1. d4 Nf6 2. Nf3 g6 3. Be3 Bg7 4. g3 O-O 5. Bg2 d5 6. O-O b6 7. Ne5 Bb7 8. f4 Nbd7 9. c4 e6 10. Nc3 Rc8 11. Kh1 Qe7 12. Qa4 a6 13. Rac1 c5 14. cxd5 exd5 15. Rfd1 b5 16. Qa5 c4 17. a3 Qd6 18. a4 b4 19. Nxd7 Qxd7 20. Qxb4 Rfe8 21. Bg1 Rb8 22. Qa3 Bc6 23. Qa1 h5 24. h3 Bh6 25. e3 Bf8 26. Rd2 Rb3 27. Bf3 Reb8 28. Kg2 R3b4 29. Re1 Bxa4 30. Nxa4 Rxa4 31. Qc1 Bb4 32. Ree2 Bxd2 33. Rxd2 Ra2 34. g4 hxg4 35. hxg4 Qb5 36. g5 Ne4 37. Bxe4 dxe4 38. Bf2 Rxb2 39. Rc2 Rxc2 40. Qxc2 Qb3 41. Qxe4 c3 42. f5 c2 43. Qc6 Qb7 0-1


[Site "https://www.chess.com"]

[Event "Titled Tuesday Blitz March 21 Early 2023"]
[White "Carrasco Miranda, Andres"]
[Black "TheKnightOfBosnia"]
[WhiteFideId "3405990"]
[WhiteElo "2183"]
[BlackElo "2522"]
[Result "1/2-1/2"]
[Round "10"]
[TimeControl "180+2"]
[Date "2023.03.21"]
[WhiteClock "0:00:19"]
[BlackClock "0:00:20"]

1. d4 Nf6 2. c4 e6 3. g3 Bb4+ 4. Nd2 O-O 5. Bg2 d5 6. Nf3 Nc6 7. O-O Bxd2 8. Qxd2 dxc4 9. e3 Qe7 10. Qc2 e5 11. Qxc4 exd4 12. Nxd4 Nxd4 13. Qxd4 c6 14. Bd2 Rd8 15. Bb4 Qe8 16. Qh4 Be6 17. Bc3 Nd5 18. Bxd5 Bxd5 19. Qg5 Qf8 20. Rfd1 h6 21. Qf4 Be6 22. e4 Rxd1+ 23. Rxd1 Bxa2 24. Rd7 b6 25. Rd6 Be6 26. Rxc6 b5 27. Qe5 b4 28. Bd4 a5 29. f4 Rc8 30. Rxc8 Bxc8 31. f5 b3 32. Qxa5 f6 33. e5 fxe5 34. Qxe5 Bxf5 35. Qd5+ Qf7 36. Qxf7+ Kxf7 37. Kf2 g5 38. h4 Kg6 39. hxg5 Kxg5 40. Be3+ Kh5 41. Bf4 Bc2 42. Ke3 Kg6 43. Kd4 h5 44. Bb8 Kf5 45. Ke3 Kg4 46. Kf2 Bg6 47. Ke3 Kf5 48. Kd4 Ke6 49. Ke3 Kd5 50. Kf4 Be8 51. Kg5 Ke4 52. Kh4 Kf5 53. Bc7 Bf7 54. Bb8 Be8 55. Bc7 Bf7 56. Bb8 Be8 1/2-1/2


[Site "https://www.chess.com"]

[Event "Titled Tuesday Blitz March 21 Early 2023"]
[White "Harriott, Tyrell"]
[Black "Kozin, Yuri"]
[WhiteFideId "2086484"]
[BlackFideId "4129920"]
[WhiteElo "2107"]
[BlackElo "2517"]
[Result "1-0"]
[Round "10"]
[TimeControl "180+2"]
[Date "2023.03.21"]
[WhiteClock "0:00:53"]
[BlackClock "0:00:03"]

1. d4 d5 2. e3 Nf6 3. Bd3 c5 4. c3 cxd4 5. exd4 Qc7 6. f4 Nc6 7. Ne2 Bg4 8. O-O e6 9. Nd2 Bd6 10. Nf3 Ne4 11. Bxe4 dxe4 12. Ng5 Bf5 13. Ng3 h6 14. N5xe4 Bxe4 15. Nxe4 Be7 16. Qe2 O-O 17. f5 exf5 18. Rxf5 Rfe8 19. Qg4 Bf8 20. Nf6+ Kh8 21. Nxe8 Rxe8 22. Bd2 Qb6 23. Rxf7 Ne5 24. Qe4 Qxb2 25. Rd1 Qb5 26. Rxf8+ Rxf8 27. Qxe5 Qd3 28. Qe3 Qc2 29. Rf1 Rg8 30. d5 Qxa2 31. Qd4 Qa6 32. d6 Qc6 33. Bxh6 Qd7 34. Re1 1-0


[Site "https://www.chess.com"]

[Event "Titled Tuesday Blitz March 21 Early 2023"]
[White "Ljukin, Sergei"]
[Black "Rios Escobar, Adan"]
[WhiteFideId "14102200"]
[BlackFideId "3403645"]
[WhiteElo "2312"]
[BlackElo "2411"]
[Result "1-0"]
[Round "10"]
[TimeControl "180+2"]
[Date "2023.03.21"]
[WhiteClock "0:00:11"]
[BlackClock "0:00:08"]

1. e4 c5 2. Nf3 d6 3. d4 cxd4 4. Nxd4 Nf6 5. Nc3 a6 6. Bg5 Nbd7 7. f4 g6 8. Qe2 Bg7 9. e5 O-O 10. O-O-O dxe5 11. fxe5 Qa5 12. Bxf6 exf6 13. e6 Ne5 14. exf7+ Rxf7 15. Nf3 Bg4 16. h3 Bxf3 17. gxf3 Rc8 18. f4 Nc4 19. Qe6 Rc6 20. Bxc4 Rxe6 21. Bxe6 Kf8 22. Bxf7 Kxf7 23. Rd7+ Kg8 24. Re1 Bf8 25. Re8 Qf5 26. Rdd8 Qxf4+ 27. Kb1 Qf1+ 28. Nd1 Qxh3 29. Rxf8+ Kg7 30. a3 h5 31. Rh8 Qf1 32. Ka2 Qc4+ 33. Kb1 Qf1 34. b3 Qe2 35. Kb2 Qe5+ 36. Nc3 g5 37. Rxh5 Kg6 38. Rhh8 b5 39. Rhg8+ Kf5 40. Rd5 Qxd5 41. Nxd5 Ke5 42. Nxf6 Kxf6 43. Kc3 Kf5 44. Kb4 Kf4 45. Ka5 g4 46. Kxa6 b4 47. axb4 Kf3 48. b5 g3 49. Rxg3+ Kxg3 50. b6 Kf4 51. b7 Ke4 52. b8=Q Kd4 53. Qf4+ Kc3 54. Qc4+ Kb2 55. b4 Ka3 56. Qb3# 1-0


[Site "https://www.chess.com"]

[Event "Titled Tuesday Blitz March 21 Early 2023"]
[White "Jovic, Stanoje"]
[Black "Rom, Jasper"]
[WhiteFideId "905020"]
[BlackFideId "2023733"]
[WhiteElo "2236"]
[BlackElo "2233"]
[Result "1-0"]
[Round "10"]
[TimeControl "180+2"]
[Date "2023.03.21"]
[WhiteClock "0:01:04"]
[BlackClock "0:00:02"]

1. c4 e6 2. g3 d5 3. Bg2 Nf6 4. Nf3 Be7 5. O-O O-O 6. b3 b6 7. Bb2 Bb7 8. Ne5 Na6 9. d4 c5 10. e3 Rc8 11. Nd2 Bd6 12. f4 Qe7 13. f5 dxc4 14. Bxb7 Qxb7 15. bxc4 Rcd8 16. g4 Bxe5 17. dxe5 Ne4 18. Bc1 Rd3 19. Qf3 exf5 20. gxf5 Rxd2 21. Bxd2 Rd8 22. Bc3 Qa8 23. Bb2 Nb4 24. Rad1 Nd3 25. Ba1 b5 26. e6 f6 27. e7 Re8 28. Rxd3 Rxe7 29. Rfd1 Qb7 30. Rd8+ 1-0


[Site "https://www.chess.com"]

[Event "Titled Tuesday Blitz March 21 Early 2023"]
[White "Avazkhonov, Alikhon"]
[Black "Horak, Martin"]
[WhiteFideId "14208504"]
[BlackFideId "367095"]
[WhiteElo "1739"]
[BlackElo "2091"]
[Result "0-1"]
[Round "10"]
[TimeControl "180+2"]
[Date "2023.03.21"]
[WhiteClock "0:00:14"]
[BlackClock "0:00:07"]

1. d4 Nf6 2. c4 e6 3. Nc3 Bb4 4. e3 O-O 5. Bd2 d5 6. Nf3 b6 7. cxd5 exd5 8. Rc1 Bb7 9. Bd3 Re8 10. Ne5 Bd6 11. Nb5 c5 12. Nxd6 Qxd6 13. O-O Nc6 14. f4 cxd4 15. exd4 Nxd4 16. Qa4 Ne6 17. Bb5 Rec8 18. Bb4 Nc5 19. Qa3 Nfe4 20. Nd7 a6 21. Ba4 Bc6 22. Nxb6 Bxa4 23. Nxa4 Qf6 24. Nxc5 Qd4+ 25. Kh1 Nf2+ 26. Rxf2 Qxf2 27. Qf3 Qd4 28. Ba3 Rab8 29. Qc3 Qxf4 30. Rd1 Rd8 31. h3 d4 32. Qc4 h6 33. Nxa6 Rbc8 34. Qd3 Rc1 35. Nc5 Rxd1+ 36. Qxd1 d3 37. Nxd3 Qd4 38. Nf2 Qxd1+ 39. Nxd1 Rxd1+ 40. Kh2 Ra1 41. b4 Rxa2 42. Bc1 Ra1 43. Be3 Rb1 44. Bc5 f5 45. Kg3 Kf7 46. Kf4 Ke6 47. h4 Rc1 48. h5 Rc4+ 49. Kf3 Rh4 50. b5 Rxh5 51. b6 Kd7 52. Bd4 Rg5 53. Kf4 Kc6 54. g3 Kb7 55. Kf3 Rg4 56. Be5 Rg6 57. Bd4 Rxb6 58. Bxb6 Kxb6 59. Kf4 g6 60. Ke5 h5 61. Kf6 h4 62. gxh4 f4 63. Kxg6 f3 64. h5 f2 65. h6 f1=Q 66. Kg7 Qa1+ 67. Kg8 Qa2+ 68. Kg7 Qb2+ 69. Kg8 Qb3+ 70. Kg7 Qc3+ 71. Kg8 Qc4+ 72. Kg7 Qd4+ 73. Kg8 Qd5+ 74. Kg7 Qe5+ 75. Kg8 Qe6+ 76. Kg7 Qe7+ 77. Kg8 Qg5+ 78. Kh7 Kc7 0-1


[Site "https://www.chess.com"]

[Event "Titled Tuesday Blitz March 21 Early 2023"]
[White "Meunier-Pion, Jean"]
[Black "Tanmay Jain"]
[WhiteFideId "20685327"]
[BlackFideId "45015481"]
[WhiteElo "2124"]
[BlackElo "2032"]
[Result "1-0"]
[Round "10"]
[TimeControl "180+2"]
[Date "2023.03.21"]
[WhiteClock "0:00:28"]
[BlackClock "0:00:13"]

1. d4 Nf6 2. c4 e6 3. g3 d5 4. Bg2 Be7 5. Nf3 O-O 6. O-O b6 7. cxd5 exd5 8. Nc3 Bb7 9. Bf4 Bd6 10. Ne5 Nbd7 11. Nb5 Bxe5 12. dxe5 Nh5 13. e3 Nxf4 14. exf4 Nc5 15. Rc1 a6 16. Nd4 Qd7 17. f5 Ne4 18. f3 Nc5 19. f4 a5 20. f6 Ne4 21. Qh5 Bc8 22. Bxe4 dxe4 23. Qg5 Qg4 24. fxg7 Qxg5 25. gxf8=Q+ 1-0


[Site "https://www.chess.com"]

[Event "Titled Tuesday Blitz March 21 Early 2023"]
[White "Fule, Simon"]
[Black "Shapiro, Viktor"]
[WhiteFideId "787515"]
[BlackFideId "4175700"]
[WhiteElo "2386"]
[BlackElo "2152"]
[Result "1-0"]
[Round "10"]
[TimeControl "180+2"]
[Date "2023.03.21"]
[WhiteClock "0:00:14"]
[BlackClock "0:00:10"]

1. e4 c5 2. Nf3 d6 3. d4 cxd4 4. Nxd4 Nf6 5. Nc3 a6 6. f3 e5 7. Nb3 Be6 8. Be3 Nbd7 9. Qd2 h5 10. Nd5 Nxd5 11. exd5 Bf5 12. Be2 Qc7 13. Na5 Be7 14. O-O O-O 15. c4 Rac8 16. b4 h4 17. Rac1 Rfe8 18. Rfd1 h3 19. g4 Bg6 20. c5 Bf8 21. c6 bxc6 22. Rxc6 Qd8 23. Bxa6 Rb8 24. b5 e4 25. f4 Qh4 26. Qe2 f5 27. Bf2 Qxg4+ 28. Qxg4 fxg4 29. Be3 Bf5 30. Nc4 Red8 31. a4 Nc5 32. Bxc5 dxc5 33. d6 g6 34. Ne5 e3 35. Kf1 Be4 36. Rxc5 g3 37. hxg3 h2 38. Ke2 Rxd6 39. Rcc1 Rxd1 40. Rxd1 h1=Q 41. Rxh1 Bxh1 42. Kxe3 Bc5+ 43. Kd3 Kg7 44. Kc4 Bb6 45. Nd7 Bc7 46. Nxb8 Bxb8 47. b6 Kf6 48. Kc5 Ke7 49. Bb5 g5 50. Bc6 gxf4 51. gxf4 Bxf4 52. Bxh1 Kd8 53. Kc6 Kc8 54. a5 Kb8 55. a6 Be3 56. a7+ Kc8 57. a8=Q# 1-0


[Site "https://www.chess.com"]

[Event "Titled Tuesday Blitz March 21 Early 2023"]
[White "Shukhman, Anna"]
[Black "Donskov, Anatoly"]
[WhiteFideId "54180058"]
[BlackFideId "24143413"]
[WhiteElo "2125"]
[BlackElo "2247"]
[Result "0-1"]
[Round "10"]
[TimeControl "180+2"]
[Date "2023.03.21"]
[WhiteClock "0:00:59"]
[BlackClock "0:00:06"]

1. e4 c5 2. Nf3 e6 3. d4 cxd4 4. Nxd4 Nf6 5. Nc3 Nc6 6. Nxc6 bxc6 7. e5 Nd5 8. Ne4 Qc7 9. f4 Rb8 10. a3 f5 11. Nf2 Bc5 12. Bd3 O-O 13. O-O Ne3 14. Bxe3 Bxe3 15. b3 Bxf4 16. Qh5 Bxe5 17. Rae1 c5 18. Ng4 Bd4+ 19. Kh1 Bb7 20. Qg5 Kh8 21. Rf4 fxg4 22. Qh5 Rf5 23. Rxf5 g6 24. Rf8+ Rxf8 25. Bxg6 d6 26. Bd3 Qg7 27. Rxe6 g3 28. hxg3 Rf2 29. Rh6 Bxg2+ 30. Kh2 Bf3+ 31. Kh3 Bxh5 32. Rxh5 Qd7+ 33. g4 Rf3+ 34. Kh2 Qxg4 35. Rxh7+ Kg8 36. Bc4+ Kxh7 37. Bd3+ Rxd3 38. cxd3 Bf2 39. Kh1 Qg1# 0-1


[Site "https://www.chess.com"]

[Event "Titled Tuesday Blitz March 21 Early 2023"]
[White "Sovetbekova, Nurai"]
[Black "Omariev, Maksim"]
[WhiteFideId "13801910"]
[BlackFideId "4193423"]
[WhiteElo "1857"]
[BlackElo "2469"]
[Result "1-0"]
[Round "10"]
[TimeControl "180+2"]
[Date "2023.03.21"]
[WhiteClock "0:00:09"]
[BlackClock "0:00:01"]

1. d4 h5 2. h3 h4 3. c4 d6 4. Nc3 e5 5. dxe5 dxe5 6. Qxd8+ Kxd8 7. Nf3 f6 8. Bd2 c6 9. O-O-O Kc7 10. e3 Be6 11. b3 Nd7 12. Bd3 Ba3+ 13. Kb1 Ne7 14. Bc2 a5 15. Na4 g5 16. Bc3 b5 17. cxb5 cxb5 18. Nb2 Nd5 19. Bd2 Rhd8 20. Be4 Nc5 21. Rc1 Kb6 22. Bc2 Rd7 23. e4 Ne7 24. Be3 Ka6 25. Rhd1 Rad8 26. Bxc5 Bxc5 27. Nd3 Ba3 28. Nb2 Nc6 29. Bd3 Ne7 30. Be2 Kb6 31. Ne1 Ng6 32. Ned3 Be7 33. a4 Ba3 34. axb5 Bxb3 35. Nc4+ Bxc4 36. Rxc4 Kxb5 37. Rc3 Bb4 38. Nxb4+ Kxb4 39. Rc4+ Kb3 40. Rdc1 1-0


[Site "https://www.chess.com"]

[Event "Titled Tuesday Blitz March 21 Early 2023"]
[White "Bogaudinov, Rushan"]
[Black "Ratsma, Midas"]
[WhiteFideId "4129288"]
[BlackFideId "1032283"]
[WhiteElo "1949"]
[BlackElo "2172"]
[Result "1-0"]
[Round "10"]
[TimeControl "180+2"]
[Date "2023.03.21"]
[WhiteClock "0:00:11"]
[BlackClock "0:00:02"]

1. d4 d5 2. c4 e5 3. dxe5 d4 4. e3 Nc6 5. Nf3 Bb4+ 6. Bd2 dxe3 7. fxe3 Nh6 8. Nc3 Ng4 9. Qb3 Qe7 10. Be2 Ngxe5 11. O-O Bxc3 12. Qxc3 O-O 13. Nd4 Be6 14. Rae1 Rad8 15. Bd1 Bd7 16. Bc2 Qg5 17. e4 Qg6 18. Nf5 Rfe8 19. Re3 Ng4 20. Rg3 h5 21. h3 Bxf5 22. exf5 Qd6 23. Bf4 Qc5+ 24. Kh1 Nge5 25. f6 g6 26. Rg5 Qd4 27. Qg3 Qxc4 28. Rf2 Rd5 29. Rxh5 Re6 30. Qg5 Rxf6 31. Qxf6 gxh5 32. Bh6 Rd1+ 33. Bxd1 Qf1+ 34. Rxf1 1-0


[Site "https://www.chess.com"]

[Event "Titled Tuesday Blitz March 21 Early 2023"]
[White "Dudzinski, Pawel"]
[Black "Sarkar, Justin"]
[WhiteFideId "1117890"]
[BlackFideId "2010011"]
[WhiteElo "2099"]
[BlackElo "2189"]
[Result "0-1"]
[Round "10"]
[TimeControl "180+2"]
[Date "2023.03.21"]
[WhiteClock "0:00:19"]
[BlackClock "0:00:02"]

1. e4 e5 2. Nf3 Nc6 3. d4 exd4 4. Nxd4 Nf6 5. Nxc6 bxc6 6. e5 Qe7 7. Qe2 Ng8 8. f4 d6 9. exd6 cxd6 10. Nc3 Nf6 11. Bd2 d5 12. O-O-O Qxe2 13. Bxe2 Bd6 14. Bf3 O-O 15. h3 h5 16. g3 Bf5 17. Rde1 Rfe8 18. Bg2 Bc5 19. Nd1 Ne4 20. Bxe4 Bxe4 21. Rh2 Bf3 22. Ne3 Re6 23. Rf2 Be4 24. Rfe2 Rae8 25. Nd1 Bf5 26. Rxe6 Rxe6 27. Rxe6 fxe6 28. h4 d4 29. Be1 Kf7 30. b4 Bb6 31. Nb2 c5 32. Nc4 Kf6 33. a4 cxb4 34. Bxb4 d3 35. Bc3+ Kg6 36. Nxb6 axb6 37. cxd3 Bxd3 38. Bd4 b5 39. a5 b4 40. Kd2 Bc4 41. Bc5 b3 42. Kc3 Kf5 43. Ba3 Bd5 44. Bf8 g6 45. a6 Kg4 46. Bd6 Kf3 47. a7 Kg4 48. Be5 Kf3 49. Kb4 Kg4 50. Kc5 b2 51. Bxb2 Kxg3 52. Be5 Kxh4 53. Kd6 Kg4 54. a8=Q Bxa8 55. Kxe6 h4 56. Kf6 h3 57. f5 gxf5 58. Kg6 f4 59. Bxf4 Kxf4 0-1


[Site "https://www.chess.com"]

[Event "Titled Tuesday Blitz March 21 Early 2023"]
[White "Khandelwal, Ankush"]
[Black "Fernandez Hernandez, Gerardo"]
[WhiteFideId "413470"]
[BlackFideId "2207400"]
[WhiteElo "2263"]
[BlackElo "2231"]
[Result "1-0"]
[Round "10"]
[TimeControl "180+2"]
[Date "2023.03.21"]
[WhiteClock "0:02:10"]
[BlackClock "0:01:17"]

1. e4 c5 2. Nf3 Nc6 3. Bb5 g6 4. O-O Bg7 5. c3 e5 6. d4 cxd4 7. cxd4 exd4 8. Bf4 Nge7 9. Bd6 O-O 10. Nbd2 a6 11. Bd3 Re8 12. Bc4 b5 13. Bxf7+ Kxf7 14. Qb3+ Kf8 15. Ng5 Ne5 16. Nxh7# 1-0


[Site "https://www.chess.com"]

[Event "Titled Tuesday Blitz March 21 Early 2023"]
[White "Piesik, Piotr"]
[Black "Tarasova, Viktoriya"]
[WhiteFideId "1136194"]
[BlackFideId "4175840"]
[WhiteElo "2311"]
[BlackElo "2182"]
[Result "1-0"]
[Round "10"]
[TimeControl "180+2"]
[Date "2023.03.21"]
[WhiteClock "0:00:11"]
[BlackClock "0:00:02"]

1. Nf3 Nf6 2. g3 b6 3. Bg2 Bb7 4. O-O c5 5. c4 e6 6. d3 Be7 7. e4 d6 8. Nc3 Nbd7 9. Ne1 Rb8 10. f4 O-O 11. g4 Ne8 12. g5 Nc7 13. h4 f6 14. Nf3 a6 15. Be3 b5 16. b3 b4 17. Ne2 d5 18. Ng3 f5 19. exf5 exf5 20. Re1 d4 21. Bf2 Bd6 22. Qd2 g6 23. Re2 Re8 24. Rae1 Rxe2 25. Rxe2 Bxf3 26. Bxf3 Qf8 27. Bc6 Qf7 28. Nf1 Nf8 29. Bg3 Rb6 30. Bg2 Rb8 31. Nh2 Re8 32. Bc6 Rxe2 33. Qxe2 Qe6 34. Qf3 Qe7 35. h5 gxh5 36. Qxh5 Qe3+ 37. Kg2 Qd2+ 38. Kh3 Qxd3 39. Qf3 Qd2 40. Bd5+ Kh8 41. Bf7 Qe3 42. Qc6 Qe7 43. Bh5 Kg7 44. Nf3 Nfe6 45. Nh4 1-0


[Site "https://www.chess.com"]

[Event "Titled Tuesday Blitz March 21 Early 2023"]
[White "Shvedova, Alexandra"]
[Black "djokovic74"]
[WhiteFideId "54154782"]
[WhiteElo "2057"]
[BlackElo "2549"]
[Result "0-1"]
[Round "10"]
[TimeControl "180+2"]
[Date "2023.03.21"]
[WhiteClock "0:00:03"]
[BlackClock "0:00:03"]

1. d4 e6 2. e4 d5 3. e5 c5 4. c3 Nc6 5. Nf3 Nge7 6. Bd3 cxd4 7. cxd4 Nf5 8. Bxf5 exf5 9. Nc3 Be6 10. O-O Be7 11. Nb5 a6 12. Nc3 g5 13. a3 f4 14. h3 Qd7 15. Na4 Rd8 16. Nc5 Bxc5 17. dxc5 g4 18. hxg4 Bxg4 19. Bxf4 Qf5 20. Bg3 Bxf3 21. Qxf3 Qxf3 22. gxf3 Kd7 23. Kg2 h5 24. Rh1 Ne7 25. f4 Nf5 26. Kf3 h4 27. Bh2 Ke6 28. Rag1 d4 29. Ke2 d3+ 30. Kd2 Rd4 31. Rc1 Kd5 32. b4 Rg8 33. c6 bxc6 34. Rc5+ Ke4 35. e6 fxe6 36. Rxc6 Kf3 37. Rxe6 Rc8 38. Rc1 Rxc1 39. Kxc1 d2+ 40. Kd1 Kxf2 41. Re2+ Kf3 42. Bg1 Rxf4 43. Rxd2 h3 44. Ke1 Kg4 45. Bh2 Ng3 46. Rf2 Re4+ 47. Kd2 Nf5 48. Kd3 Re3+ 49. Kd2 Re4 50. Kd3 Re3+ 51. Kd2 Rxa3 52. Rf4+ Kg5 53. Ke1 Ra2 54. Rf2 Ra1+ 55. Kd2 Nh4 56. Bd6 Ra2+ 57. Kc3 Ra3+ 58. Kb2 Rd3 59. Be7+ Kg4 60. Kc2 Re3 61. Bc5 Rf3 62. Rd2 Ng2 63. Bd6 Ne3+ 64. Kc1 Nf1 65. Rd4+ Kh5 66. Kb2 Ng3 67. Rd5+ Kg4 68. Rd4+ Kh5 69. Rd5+ Kh6 70. Rd2 Ne4 71. Rd4 Nxd6 72. Rxd6+ Kg5 73. Rd2 Kg4 0-1


[Site "https://www.chess.com"]

[Event "Titled Tuesday Blitz March 21 Early 2023"]
[White "Yelisieiev, Yevhenii"]
[Black "Vivas Zamora, Fabian Ernesto"]
[WhiteFideId "14139642"]
[BlackFideId "3902480"]
[WhiteElo "2447"]
[BlackElo "2262"]
[Result "0-1"]
[Round "10"]
[TimeControl "180+2"]
[Date "2023.03.21"]
[WhiteClock "0:01:11"]
[BlackClock "0:00:05"]

1. d4 Nf6 2. Nf3 g6 3. g3 Bg7 4. Bg2 O-O 5. O-O d5 6. c3 b6 7. c4 Bb7 8. Ne5 Nfd7 9. f4 Nxe5 10. dxe5 e6 11. Nc3 c6 12. cxd5 cxd5 13. e4 d4 14. Nb5 Ba6 15. a4 Nc6 16. Bd2 Na5 17. Bxa5 bxa5 18. Rf2 Bxb5 19. axb5 Rb8 20. Bf1 Qb6 21. Qa4 Rfc8 22. Qxa5 Bf8 23. Qxa7 d3 24. Kg2 Qxa7 25. Rxa7 Bc5 26. Ra5 Bxf2 27. Kxf2 d2 28. Ke2 Rc1 29. Kxd2 Rxf1 30. Kc3 Re1 31. Kd4 Rc8 32. b6 Rd1+ 33. Ke3 Rd7 34. f5 gxf5 35. exf5 exf5 36. Kf4 Rb8 37. Rb5 Rdb7 38. Kxf5 Rxb6 39. Rd5 Rxb2 40. h4 Kg7 41. g4 R8b5 42. Rd6 Rf2+ 43. Ke4 Re2+ 44. Kf4 Rbxe5 45. h5 h6 46. Ra6 R2e4+ 47. Kg3 Rg5 48. Kh3 Rexg4 49. Ra3 f5 50. Ra7+ Kf8 51. Ra6 Rxh5# 0-1


[Site "https://www.chess.com"]

[Event "Titled Tuesday Blitz March 21 Early 2023"]
[White "Topalov, Aleksandar"]
[Black "Jaskolka, Tomasz"]
[WhiteFideId "925659"]
[BlackFideId "1170791"]
[WhiteElo "2151"]
[BlackElo "2155"]
[Result "1-0"]
[Round "10"]
[TimeControl "180+2"]
[Date "2023.03.21"]
[WhiteClock "0:00:46"]
[BlackClock "0:00:19"]

1. b3 d5 2. Bb2 Bf5 3. Nf3 c6 4. g3 e6 5. Bg2 Nf6 6. O-O h5 7. h3 Nbd7 8. d3 Bd6 9. e4 dxe4 10. dxe4 Nxe4 11. Nh4 Qc7 12. Qe2 Be5 13. c3 Bxg3 14. Nxf5 Bh2+ 15. Kh1 exf5 16. f3 O-O-O 17. fxe4 Nf6 18. e5 Bxe5 19. Rxf5 Rhe8 20. Qf1 Bg3 21. Na3 Ng4 22. Nc4 b5 23. Rxf7 Qb8 24. Qf5+ Re6 25. Qxe6+ Rd7 26. Qxd7# 1-0


[Site "https://www.chess.com"]

[Event "Titled Tuesday Blitz March 21 Early 2023"]
[White "Golubev, Mikhail"]
[Black "Manon-og, Ramon Jr."]
[WhiteFideId "14100983"]
[BlackFideId "5200776"]
[WhiteElo "2374"]
[BlackElo "2336"]
[Result "0-1"]
[Round "10"]
[TimeControl "180+2"]
[Date "2023.03.21"]
[WhiteClock "0:00:01"]
[BlackClock "0:01:11"]

1. e4 c5 2. Nf3 d6 3. d4 cxd4 4. Nxd4 Nf6 5. Nc3 a6 6. Bc4 e6 7. O-O Be7 8. Bb3 b5 9. Qf3 Qc7 10. Qg3 O-O 11. Bh6 Nh5 12. Qg4 Kh8 13. Qxh5 gxh6 14. Qxh6 Rg8 15. a3 Nc6 16. Nxc6 Qxc6 17. Rfd1 Bb7 18. Rd3 Rg7 19. Rg3 Rag8 20. Qh5 Bg5 21. Rd1 Qc5 22. Qe2 Bc6 23. a4 b4 24. Nb1 a5 25. Nd2 Bxd2 26. Rxd2 Rxg3 27. hxg3 Rxg3 28. Kh2 Rg7 29. Rd3 Qe5+ 0-1


[Site "https://www.chess.com"]